 Dungeon Crawl Stone Soup version 0.24-a0-537-g2d01d4ab0a (webtiles) character file.

Game seed: 9927276726740717506

77070 GordonOverkill the Transmogrifier (level 15, 0/117 HPs)
             Began as a Merfolk Fire Elementalist on Aug 11, 2019.
             Was a High Priest of Sif Muna.
             Slain by a blink frog (11 damage)
             ... on level 6 of the Lair of Beasts on Aug 12, 2019.
             The game lasted 01:46:08 (37021 turns).

GordonOverkill the Transmogrifier (MfFE)           Turns: 37021, Time: 01:46:08

Health: 0/117      AC: 10    Str:  9    XL:     15   Next: 55%
Magic:  4/40       EV: 16    Int: 20    God:    Sif Muna [*****.]
Gold:   1721       SH:  0    Dex: 18    Spells: 16/38 levels left

rFire    + . .     SeeInvis .   J - staff of fire
rCold    + . .     Gourm    .   (no shield)
rNeg     . . .     Faith    .   a - +0 robe
rPois    .         Spirit   .   j - +0 hat {MR+}
rElec    .         Reflect  .   f - +2 cloak
rCorr    .         Harm     .   n - +1 pair of gloves {Dex+3}
MR       ++...                  v - +1 pair of boots
Stlth    ++........             (no amulet)
HPRegen  0.29/turn              m - ring of magical power
MPRegen  0.27/turn              x - ring of protection from cold

@: no status effects
A: change form in water, swift swim, stealthy swim
a: Channel Magic, Forget Spell, Divine Exegesis, Renounce Religion


You were on level 6 of the Lair of Beasts.
You worshipped Sif Muna.
Sif Muna was extremely pleased with you.
You were not hungry.

You visited 4 branches of the dungeon, and saw 23 of its levels.
You also visited: Bailey and Ice Cave.

You collected 1721 gold pieces.

Inventory:

Hand Weapons
 U - a +2 war axe of flaming
Missiles
 z - 7 boomerangs (quivered)
Armour
 a - a +0 robe (worn)
 f - a +2 cloak (worn)
 j - a +0 hat of magic resistance (worn)
 n - a +1 pair of gloves of dexterity (worn)
 o - a +2 helmet
 v - a +1 pair of boots (worn)
Magical Staves
 J - an uncursed staff of fire (weapon)
 L - an uncursed staff of energy
Jewellery
 m - a ring of magical power (left hand)
 w - an uncursed ring of see invisible
 x - a ring of protection from cold (right hand)
 T - an uncursed ring of ice
Wands
 i - a wand of digging (2)
 p - a wand of disintegration (28)
 r - a wand of clouds (4)
 N - a wand of iceblast (7)
 R - a wand of polymorph (9)
 V - a wand of paralysis (8)
 Z - a wand of flame (6)
Scrolls
 b - 8 scrolls of teleportation
 h - 2 scrolls of summoning
 q - 13 scrolls of remove curse
 s - a scroll of silence {unknown}
 y - a scroll of blinking {unknown}
 B - 3 scrolls of identify
 D - 5 scrolls of magic mapping
 E - 12 scrolls of enchant weapon
 H - 4 scrolls of amnesia
 K - 5 scrolls of fog
 O - 2 scrolls of fear
 S - a scroll of immolation
 W - a scroll of brand weapon
Potions
 d - 13 potions of curing
 g - 6 potions of berserk rage
 k - 5 potions of haste
 t - 4 potions of flight
 u - 4 potions of brilliance
 A - a potion of cancellation
 C - 5 potions of invisibility
 F - 5 potions of might
 G - 2 potions of agility
 I - a potion of mutation
 M - 3 potions of lignification
 Q - 3 potions of resistance
 Y - 3 potions of magic
Miscellaneous
 e - a phial of floods
 l - a sack of spiders
Comestibles
 c - 25 rations
 X - 5 chunks of flesh


   Skills:
 + Level 10.9 Fighting
 - Level 7.0 Armour
 - Level 6.0 Dodging
 - Level 3.0 Stealth
 - Level 12.0 Spellcasting
 - Level 7.0 Conjurations
 - Level 3.0 Charms
 - Level 3.0 Necromancy
 + Level 12.9 Transmutations
 - Level 7.0 Fire Magic
 + Level 6.9 Earth Magic
 - Level 7.0 Invocations
 - Level 3.0 Evocations


You had 16 spell levels left.
You knew the following spells:

 Your Spells              Type           Power        Failure   Level  Hunger
a - Flame Tongue          Conj/Fire      #####        1%          1    None
b - Conjure Flame         Conj/Fire      ######..     1%          3    None
c - Sticky Flame          Conj/Fire      ######..     3%          4    #......
d - Fireball              Conj/Fire      ######....   9%          5    ####...
e - Regeneration          Chrm/Necr      ###.......   4%          3    None
f - Statue Form           Tmut/Erth      ######...    14%         6    ######.

Your spell library contained the following spells:

 Spells                   Type           Power        Failure   Level  Hunger
 Animate Skeleton         Necr           N/A          1%          1    None
 Beastly Appendage        Tmut           ######       1%          1    None
 Magic Dart               Conj           ####         1%          1    None
 Pain                     Necr           ###.         1%          1    None
 Shock                    Conj/Air       ####         1%          1    None
 Searing Ray              Conj           #####.       1%          2    None
 Sticks to Snakes         Tmut           ######..     1%          2    None
 Throw Flame              Conj/Fire      ######       1%          2    None
 Petrify                  Tmut/Erth      ######..     1%          4    #......
 Irradiate                Conj/Tmut      ######....   2%          5    ####...
 Iskenderun's Mystic Bla  Conj           #####...     3%          4    #......
 Swiftness                Chrm/Air       ###.....     4%          2    None
 Dazzling Spray           Conj/Hex       ####..       4%          3    None
 Inner Flame              Hex/Fire       #####...     4%          3    None
 Static Discharge         Conj/Air       ####....     4%          3    None
 Vampiric Draining        Necr           ###.......   4%          3    None
 Hydra Form               Tmut           ######....   4%          6    ######.
 Confusing Touch          Hex            ##....       5%          1    None
 Summon Butterflies       Summ           ##......     5%          1    None
 Yara's Violent Unravell  Hex/Tmut       #####.....   11%         5    ####...
 Force Lance              Conj/Tloc      ####....     13%         4    #......
 Animate Dead             Necr           N/A          16%         4    #......
 Call Canine Familiar     Summ           ##......     17%         3    None
 Confuse                  Hex            ##......     17%         3    None
 Gell's Gravitas          Tloc           ##........   17%         3    None
 Portal Projectile        Hex/Tloc       ##....       17%         3    None
 Dragon Form              Tmut           ######....   24%         7    #######
 Lightning Bolt           Conj/Air       ####......   36%         5    ####...
 Airstrike                Air            ##........   50%         4    #......
 Summon Ice Beast         Ice/Summ       ##......     50%         4    #......
 Summon Lightning Spire   Summ/Air       ##......     50%         4    #......
 Metabolic Englaciation   Hex/Ice        ##........   83%         5    ####...
 Summon Demon             Summ           ##........   83%         5    ####...
 Summon Mana Viper        Hex/Summ       ##......     83%         5    ####...
 Conjure Ball Lightning   Conj/Air       ####......   90%         6    ######.
 Death Channel            Necr           ###.......   94%         6    ######.
 Orb of Destruction       Conj           #####.....   95%         7    #######
 Simulacrum               Ice/Necr       ###.......   99%         6    ######.
 Invisibility             Hex            ##......     100%        6    ######.
 Ozocubu's Refrigeration  Ice            ##........   100%        6    ######.
 Spellforged Servitor     Conj/Summ      ####......   100%        7    #######
 Summon Hydra             Summ           ##........   100%        7    #######


Dungeon Overview and Level Annotations

Branches:
Dungeon (15/15)            Temple (1/1) D:7            Lair (6/6) D:8
 Shoals (0/4) Lair:3        Snake (1/4) Lair:3        Slime (0/5) Lair:5
    Orc (0/2) D:9          Vaults (0/5) D:14
 Depths: D:15

Altars:
Ashenzari
Cheibriados
Dithmenos
Elyvilon
Fedhas
Gozag
Hepliaklqana
Kikubaaqudgha
Makhleb
Nemelex Xobeh
Okawaru
Qazlal
Ru
Sif Muna
Trog
Uskayaw
Vehumet
Wu Jian
Xom
Yredelemnul
Zin
The Shining One
Jiyva

Shops:
D:5 !   D:8 (

Annotations:
D:5 1 runed translucent door, bmj180's ghost, amateur GrEE
Lair:1 1 runed translucent door, Powoakku's ghost, novice OgWz
Lair:4 1 runed translucent door, Thantalas's ghost, journeyman FoFi
Lair:5 1 runed translucent door


Message History

You hit the blink frog.
The blink frog is severely wounded.
The blink frog closely misses you.
You hit the blink frog. You burn the blink frog!
The blink frog is almost dead.
The blink frog hits you but does no damage.
The blink frog hits you!
You miss the blink frog.
The blink frog is almost dead.
The blink frog hits you!
* * * LOW HITPOINT WARNING * * *
The blink frog hits you!
* * * LOW HITPOINT WARNING * * *
Evoke which item? (* to show all) (? for menu, Esc to quit)
Aiming: Corrosive Bolt
Press: ? - help, Shift-Dir - straight line, f - blink frog
Aim: a blink frog (almost dead)
The bolt of acid misses the blink frog.
The now-empty wand crumbles to dust.
The blink frog hits you!
You die...

###..Y.## #...F..#
#.....## #.....# #.....#
#.....# ##...## #...F##
##. ##...#@# #.F
#P..°§## . ... #.§.☼.##
.. #P.# ##.°...# ...
#..## ###°○☼### ....
##.PP#####.#....## .....
#PPP..##..#...÷#.#P...<#
..P.............<.......
..P.........^....P.P....


You could see a blink frog.

Vanquished Creatures
  A frost giant (IceCv)
  An ironheart preserver (D:14)
  Nessos (Lair:4)
  2 entropy weavers (Lair:3)
  An ettin (D:15)
  5 hydras
  A death knight (D:13)
  2 centaur warriors
  A queen ant (Lair:4)
  6 two-headed ogres
  Urug (Lair:4)
  A tengu warrior (D:14)
  8 death yaks
  A skeletal warrior (D:13)
  3 unseen horrors
  A deep troll (D:15)
  3 deep elf magi
  Pikel (D:3)
  3 orc knights (Bailey)
  4 ugly things
  3 oklob plants (Lair:4)
  3 cyclopes
  4 elephants
  An ice statue (IceCv)
  2 gargoyles
  7 spiny frogs
  2 centaur skeletons
  A rime drake (Lair:5)
  A freezing wraith (D:13)
  2 ice devils (D:12)
  A tengu conjurer (D:14)
  5 komodo dragons
  11 polar bears (IceCv)
  A queen bee (D:13)
  3 trolls
  3 meliai (D:13)
  14 blink frogs
  5 dream sheep (Lair:5)
  A wolf spider simulacrum (Lair:2)
  A hornet (shapeshifter) (D:14)
  Prince Ribbit (D:5)
  4 slime creatures (D:8)
  8 hippogriffs
  Grinder (D:4)
  A vampire (D:15)
  2 shadows
  A spriggan (D:13)
  2 wraiths
  2 wyverns
  54 yaks
  4 basilisks
  4 vampire mosquitoes (D:12)
  20 soldier ants
  2 hungry ghosts
  3 nagas (Lair:3)
  3 acid dragons
  11 water moccasins
  14 orc warriors
  5 porcupines
  5 sky beasts
  A slave (D:3)
  8 ice beasts
  A phantom (D:9)
  3 black bears
  An eye of draining (D:13)
  3 necrophages (D:11)
  11 ogres
  5 centaurs
  8 crocodiles
  23 wolves
  A gnoll sergeant (D:11)
  23 bullfrogs
  A water moccasin zombie (D:10)
  3 scorpions
  23 killer bees
  14 wights
  A vampire bat (D:4)
  2 electric eels (Lair:3)
  9 crimson imps
  2 quasits
  3 bullfrog zombies
  3 centaur zombies (D:12)
  2 jellies
  8 orc priests
  8 hounds
  Crazy Yiuf (D:6)
  A gnoll shaman (D:6)
  14 orc wizards
  3 iguanas
  26 worker ants
  A killer bee zombie (D:5)
  2 bullfrog simulacra (Lair:2)
  A hound zombie (D:2)
  A hound skeleton (D:9)
  A worker ant zombie (D:5)
  A crocodile simulacrum (Lair:2)
  7 gnolls
  12 adders
  6 shadow imps
  An ooze (D:5)
  2 adder skeletons
  An adder zombie (D:7)
  A worm (D:6)
  A dart slug (D:2)
  5 fire bats
  4 leopard geckos
  85 orcs
  2 spectral bats (D:4)
  3 bat skeletons (D:4)
  A bat zombie (D:4)
  3 giant cockroaches
  8 goblins
  17 hobgoblins
  13 jackals
  4 kobolds (D:1)
  2 quokkas
  20 bats
  A bat simulacrum (D:4)
  7 frilled lizards
  A leopard gecko skeleton (D:4)
  A leopard gecko zombie (D:7)
  A quokka skeleton (D:4)
  A quokka zombie (D:8)
  7 rats
701 creatures vanquished.

Vanquished Creatures (others)
  A rime drake (IceCv)
  A polar bear (IceCv)
  A yak (IceCv)
  Menkaure (D:4)
  A crimson imp (D:14)
  An orc priest (D:5)
  An orc (D:4)
  5 fungi
  2 plants
14 creatures vanquished.

Grand Total: 715 creatures vanquished

Notes
Turn   | Place    | Note
-------+----------+-------------------------------------------
     0 | D:1      | GordonOverkill the Merfolk Fire Elementalist began the
                  | quest for the Orb.
     0 | D:1      | Reached XP level 1. HP: 13/13 MP: 3/3
   154 | D:1      | Reached skill level 1 in Conjurations
   154 | D:1      | Reached XP level 2. HP: 19/19 MP: 1/5
   977 | D:1      | Reached XP level 3. HP: 16/24 MP: 0/6
  1227 | D:1      | Learned a level 3 spell: Conjure Flame
  1791 | D:2      | Reached XP level 4. HP: 30/30 MP: 4/7
  1858 | D:2      | Found an ancient bone altar of Kikubaaqudgha.
  2657 | D:3      | Reached XP level 5. HP: 16/35 MP: 7/9
  2802 | D:3      | Noticed an orc warrior
  2882 | D:2      | Learned a level 4 spell: Sticky Flame
  3081 | D:2      | Killed an orc warrior
  3081 | D:2      | Reached XP level 6. HP: 41/41 MP: 10/10
  3579 | D:3      | Found an ornate altar of the Wu Jian Council.
  3579 | D:3      | Found a basalt altar of Yredelemnul.
  3579 | D:3      | Found a shattered altar of Ashenzari.
  3935 | D:4      | Reached skill level 1 in Fighting
  3944 | D:4      | Noticed Menkaure
  4197 | D:4      | Noticed Pikel
  4197 | D:4      | Noticed a slave
  4197 | D:4      | Noticed a slave
  4197 | D:4      | Noticed a slave
  4197 | D:4      | Noticed a slave
  4212 | D:3      | Killed a slave
  4444 | D:3      | Killed Pikel
  4444 | D:3      | Reached skill level 5 in Dodging
  4444 | D:3      | Reached XP level 7. HP: 41/51 MP: 9/13
  4624 | D:4      | Reached XP level 8. HP: 57/57 MP: 14/14
  4678 | D:4      | Learned a level 5 spell: Fireball
  4863 | D:4      | Killed Menkaure
  5325 | D:4      | Noticed Grinder
  5338 | D:4      | Killed Grinder
  5338 | D:4      | Reached skill level 1 in Evocations
  5546 | D:4      | Found an opulent altar of Gozag.
  5889 | D:5      | Entered Level 5 of the Dungeon
  5906 | D:5      | Found a shadowy altar of Dithmenos.
  6110 | D:5      | Found a runed translucent door.
  6306 | D:5      | Noticed bmj180's ghost (amateur GrEE)
  6696 | D:5      | Reached XP level 9. HP: 63/63 MP: 12/16
  6832 | D:5      | Found a glowing golden altar of the Shining One.
  6866 | D:5      | Found Myrim's Distillery.
  6956 | D:5      | Reached skill level 5 in Spellcasting
  7173 | D:5      | Reached skill level 5 in Conjurations
  7218 | D:5      | Noticed Prince Ribbit
  7226 | D:5      | Killed Prince Ribbit
  7226 | D:5      | Reached skill level 5 in Fire Magic
  8679 | D:6      | Found a runed translucent door.
  8680 | D:6      | Noticed Crazy Yiuf
  8687 | D:6      | Killed Crazy Yiuf
  8775 | D:7      | Found a staircase to the Ecumenical Temple.
  8840 | Temple   | Entered the Ecumenical Temple
  8951 | Temple   | Became a worshipper of Sif Muna the Loreminder
  9424 | D:7      | Reached skill level 1 in Invocations
  9936 | D:8      | Found a staircase to the Lair.
 10005 | D:8      | Noticed an eight-headed hydra
 10028 | D:8      | Killed an eight-headed hydra
 10028 | D:8      | Reached XP level 10. HP: 43/70 MP: 12/19
 10719 | D:8      | Noticed a tengu warrior
 10721 | D:8      | Noticed a two-headed ogre
 10743 | D:8      | Noticed a green ugly thing
 10744 | D:8      | Noticed a deep elf mage
 11047 | D:8      | Found Nyelylaj's Antique Weapon Shoppe.
 11191 | D:9      | Reached * piety under Sif Muna
 11579 | D:9      | Found a shadowy altar of Dithmenos.
 11675 | D:9      | Found a staircase to the Orcish Mines.
 11696 | D:9      | Reached skill level 1 in Armour
 12268 | D:9      | Found a white marble altar of Elyvilon.
 12400 | D:10     | Entered Level 10 of the Dungeon
 12400 | D:10     | Noticed an unseen horror
 12407 | D:10     | Killed an unseen horror
 12407 | D:10     | Reached skill level 5 in Invocations
 12468 | D:10     | Reached XP level 11. HP: 70/75 MP: 21/21
 12889 | D:10     | Noticed a two-headed ogre
 12905 | D:10     | Killed a two-headed ogre
 13003 | D:10     | Reached ** piety under Sif Muna
 13108 | D:10     | Noticed an unseen horror
 13115 | D:10     | Killed an unseen horror
 13892 | D:10     | Noticed a two-headed ogre
 13906 | D:10     | Killed a two-headed ogre
 13906 | D:10     | Reached skill level 5 in Fighting
 14868 | D:11     | Reached *** piety under Sif Muna
 15468 | D:11     | Noticed a white ugly thing
 15477 | D:11     | Killed a green ugly thing
 15803 | D:12     | Reached XP level 12. HP: 88/88 MP: 24/25
 15844 | D:12     | Found a frozen archway.
 15988 | IceCv    | Entered an ice cave
 16184 | IceCv    | Reached skill level 5 in Armour
 16792 | IceCv    | Learned a level 3 spell: Regeneration
 16817 | IceCv    | Reached skill level 10 in Spellcasting
 16945 | IceCv    | Reached skill level 1 in Charms
 17014 | IceCv    | Reached skill level 1 in Necromancy
 17704 | IceCv    | Reached **** piety under Sif Muna
 18321 | IceCv    | Learned a level 6 spell: Statue Form
 18423 | IceCv    | Noticed a frost giant
 18423 | IceCv    | Noticed a death yak
 18480 | IceCv    | Killed a frost giant
 18480 | IceCv    | Reached skill level 1 in Transmutations
 18480 | IceCv    | Reached skill level 1 in Earth Magic
 18621 | IceCv    | Killed a death yak
 18974 | D:12     | Reached XP level 13. HP: 39/98 MP: 15/27
 19925 | D:12     | Reached skill level 5 in Transmutations
 20789 | D:13     | Found a flagged portal.
 20810 | Bailey   | Entered a bailey
 20816 | Bailey   | Reached ***** piety under Sif Muna
 20822 | Bailey   | Identified Uskumiap's Collected Works on Conjuration (Sif
                  | Muna gifted it to you in a bailey)
 20822 | Bailey   | Received a gift from Sif Muna
 24469 | D:14     | Reached skill level 10 in Fighting
 24616 | D:14     | Reached XP level 14. HP: 65/110 MP: 28/28
 24630 | D:14     | Identified a scroll of acquirement
 24827 | D:14     | Identified Sif Muna's Volume of the Creative Traveller (Sif
                  | Muna gifted it to you on level 14 of the Dungeon)
 24827 | D:14     | Received a gift from Sif Muna
 25278 | D:14     | Noticed an ironheart preserver
 25376 | D:14     | Killed an ironheart preserver
 25560 | D:14     | Reached skill level 10 in Transmutations
 25962 | D:14     | Found a gate to the Vaults.
 26796 | D:15     | Entered Level 15 of the Dungeon
 27727 | Lair:1   | Entered Level 1 of the Lair of Beasts
 28206 | Lair:1   | Found a runed translucent door.
 28209 | Lair:1   | Noticed Powoakku's ghost (novice OgWz)
 28751 | Lair:2   | Found a transporter.
 29762 | Lair:2   | Found a transporter.
 30188 | Lair:2   | Identified Further Steps in the Arcane Arts
 30593 | Lair:3   | Found a staircase to the Snake Pit.
 30842 | Lair:3   | Found a staircase to the Shoals.
 31116 | Lair:2   | Identified Isur's Guide on Unstable Combat Magic (Sif Muna
                  | gifted it to you on level 2 of the Lair of Beasts)
 31116 | Lair:2   | Received a gift from Sif Muna
 32001 | Lair:4   | Reached skill level 5 in Earth Magic
 32114 | Lair:4   | Noticed Urug
 32130 | Lair:4   | Noticed an entropy weaver
 32266 | Snake:1  | Entered Level 1 of the Snake Pit
 32476 | Lair:3   | Upgraded the game from 0.24-a0-536-gdd4cf15266 to
                  | 0.24-a0-537-g2d01d4ab0a
 32499 | Lair:3   | Killed an entropy weaver
 32499 | Lair:3   | Reached XP level 15. HP: 42/115 MP: 27/30
 33083 | Lair:4   | Noticed Nessos
 33303 | Lair:4   | Killed Nessos
 33490 | Lair:4   | Killed Urug
 33922 | Lair:4   | Found a runed translucent door.
 33923 | Lair:4   | Noticed Thantalas's ghost (journeyman FoFi)
 36475 | Lair:5   | Found a viscous altar of Jiyva.
 36481 | Lair:5   | Found a runed translucent door.
 36481 | Lair:5   | Noticed an acid blob
 36482 | Lair:5   | Found a staircase to the Slime Pits.
 36719 | Lair:5   | Noticed an acid blob
 36845 | Lair:6   | Entered Level 6 of the Lair of Beasts
 36998 | Lair:6   | Identified Sif Muna's Handbook of Mutagenic Orientation
                  | (Sif Muna gifted it to you on level 6 of the Lair of
                  | Beasts)
 36998 | Lair:6   | Received a gift from Sif Muna
 37021 | Lair:6   | Slain by a blink frog

Levels and vault maps discovered:
D:1:      minmay_arrival_diagonal_passages, layout_basic
D:2:      layout_basic, nicolae_overflow_crystal_walls
D:3:      minmay_inner_zag, layout_loops_ring, gammafunk_temple_overflow_claw
D:4:      cheibrodos_quashed, layout_cave_pools, marbit_many_paths,
          goddamned_bats, uniq_menkaure, uniq_pikel, uniq_grinder
D:5:      layout_loops_corners, kennysheep_mini, first_ration, serial_shops,
          shop, ebering_ghost_reflecting_pool, nicolae_dithmenos_shadow_blocks,
          uniq_prince_ribbit1
D:6:      layout_basic, uniq_crazy_yiuf_cottage
D:7:      layout_cave_pods, minmay_temple_entry_trees
D:8:      layout_rooms, dpeg_oklobed_lair, serial_shops, nicolae_shop_crystal,
          onia_ninara_dug_in_and_dangerous
D:9:      layout_basic, old_standard_altar, orc_0_dummy, basic_altar
D:10:     layout_irregular_city
D:11:     layout_roguey, serial_undead, serial_undead_d, serial_undead_a,
          serial_undead_d, serial_undead_c, serial_undead_d, serial_undead_b
D:12:     layout_loops_cross, portal_ice_cave_demonic_guard
D:13:     layout_basic, enter_bailey_3, the_bakery, minivault_7
D:14:     layout_stronghold, skrybe_vaults_entry_preservation,
          minmay_misc_feat_doors, eino_small_chamber_without_monster,
          bh_walls_and_bars
D:15:     hangedman_depths_entry_civil_slaughter, layout_stronghold,
          minmay_misc_feat_tower
Temple:   regret_index_temple_waves
Lair:1:   layout_regular_city, ebering_ghost_reflecting_pool
Lair:2:   gammafunk_cloud_chamber, layout_chaotic_city, grunt_megastairs_4
Lair:3:   statuecave_lemuel, layout_gridlike, elwin_shoals_entry_rocks,
          minmay_snake_entry_guardpost_small
Lair:4:   layout_misc_corridors, ebering_ghost_inner_flame, zaba_antful_of_joy,
          minmay_lair_oklob_chamber, grunt_megastairs_5,
          infiniplex_staircase_pool_2, uniq_nessos, uniq_urug
Lair:5:   layout_cave_pods, slime_altar_2, beast_lair_carwin_5,
          grunt_megastairs_3
Lair:6:   grunt_lair_end_beastmaster, layout_long_grid, minivault_27
Snake:1:  layout_layer_cave, basic_altar

Skill      XL: |  1  2  3  4  5  6  7  8  9 10 11 12 13 14 15 |
---------------+----------------------------------------------+-----
Conjurations   | 1 2 3 4 6 7 |  7.0
Dodging        | 3 4 5 6 |  6.0
Stealth        | 3 |  3.0
Spellcasting   | 3 4 6 9 10 11 12 | 12.0
Fire Magic     | 3 4 6 7 |  7.0
Fighting       | 2 3 6 7 10 | 10.9
Evocations     | 2 3 |  3.0
Invocations    | 3 5 7 |  7.0
Armour         | 2 4 5 6 7 |  7.0
Charms         | 3 |  3.0
Necromancy     | 3 |  3.0
Transmutations | 3 8 12 | 12.9
Earth Magic    | 2 4 5 6 |  6.9

Action                   |  1- 3 |  4- 6 |  7- 9 | 10-12 | 13-15 || total
-------------------------+-------+-------+-------+-------+-------++-------
Melee: Club              |    14 |       |       |       |       ||    14
       Staff             |       |       |     1 |    16 |   182 ||   199
       War axe           |       |       |       |    16 |    65 ||    81
 Fire: Hunting sling     |    11 |    64 |   187 |       |       ||   262
Throw: Stone             |    54 |       |     2 |       |       ||    56
       Boomerang         |       |       |     7 |    58 |   117 ||   182
 Cast: Flame Tongue      |    45 |    93 |   177 |   579 |   540 ||  1434
       Conjure Flame     |     1 |     6 |    11 |    30 |    38 ||    86
       Sticky Flame      |       |     3 |    33 |    84 |   294 ||   414
       Fireball          |       |       |       |     9 |    56 ||    65
       Regeneration      |       |       |       |     6 |    11 ||    17
       Statue Form       |       |       |       |       |    29 ||    29
Evoke: Wand              |       |       |    14 |     3 |    40 ||    57
  Use: Scroll            |       |     7 |    11 |     6 |    12 ||    36
       Potion            |       |     2 |       |     2 |     8 ||    12
  Eat: Chunk             |     4 |     8 |    21 |    32 |    56 ||   121
       Ration            |       |       |     1 |     3 |    11 ||    15
Armor: Robe              |     5 |     7 |    34 |     5 |    30 ||    81
       Leather armour    |       |       |       |   119 |   177 ||   296
       Acid dragon scale |       |       |       |       |     4 ||     4
       Skin              |       |       |       |       |   271 ||   271
Dodge: Dodged            |    31 |    31 |   112 |   245 |   860 ||  1279

Table legend:
 A = Non-vault XP
 B = Vault XP
 C = Vault XP percentage of total XP
 D = Non-vault monster count
 E = Vault monster count
 F = Vault count percentage of total count
                 A         B        C        D         E       F
            +---------+---------+-------+---------+---------+-------
      Total |   61176 |   48925 |  44.4 |     449 |     251 |  35.9
            +---------+---------+-------+---------+---------+-------
        D:1 |      41 |       0 |   0.0 |      25 |       0 |   0.0
        D:2 |     212 |       0 |   0.0 |      20 |       0 |   0.0
        D:3 |     133 |     628 |  82.5 |      25 |       6 |  19.4
        D:4 |     410 |     431 |  51.2 |      16 |      21 |  56.8
        D:5 |     910 |     268 |  22.8 |      24 |       1 |   4.0
        D:6 |     742 |      41 |   5.2 |      25 |       1 |   3.8
        D:7 |     698 |       0 |   0.0 |      15 |       0 |   0.0
        D:8 |    2349 |       0 |   0.0 |      11 |       0 |   0.0
        D:9 |    1480 |       0 |   0.0 |      21 |       0 |   0.0
       D:10 |    5916 |       0 |   0.0 |      32 |       0 |   0.0
       D:11 |    3019 |     759 |  20.1 |      28 |      10 |  26.3
       D:12 |    4830 |     692 |  12.5 |      28 |       2 |   6.7
       D:13 |   11125 |    2271 |  17.0 |      61 |      23 |  27.4
       D:14 |    6579 |    3696 |  36.0 |      29 |       9 |  23.7
       D:15 |    1558 |    4176 |  72.8 |       6 |       5 |  45.5
     Lair:1 |    1946 |       0 |   0.0 |      11 |       0 |   0.0
     Lair:2 |    6497 |    2515 |  27.9 |      20 |      12 |  37.5
     Lair:3 |    3865 |    3451 |  47.2 |      15 |       6 |  28.6
     Lair:4 |    1885 |   10048 |  84.2 |       8 |      53 |  86.9
     Lair:5 |    3860 |    4757 |  55.2 |      19 |      11 |  36.7
     Lair:6 |    3121 |       0 |   0.0 |      10 |       0 |   0.0
     Bailey |       0 |    2840 | 100.0 |       0 |      40 | 100.0
      IceCv |       0 |   12352 | 100.0 |       0 |      51 | 100.0
            +---------+---------+-------+---------+---------+-------
